 Dungeon Crawl Stone Soup version 0.31-a0-216-g22e908daa7 (webtiles) character file.

Game seed: 4598247939772099444

179 qw the Chopper (level 5, -5/32 HPs)
             Began as a Gargoyle Fighter on July 2, 2023.
             Slain by Pikel
             ... wielding a +2 whip of freezing
              (7 damage)
             ... on level 4 of the Dungeon.
             The game lasted 00:01:44 (2712 turns).

qw the Chopper (Gargoyle Fighter)                   Turns: 2712, Time: 00:01:44

Health: -5/32      AC: 10    Str: 21    XL:     5   Next: 59%
Magic:  5/5        EV:  9    Int:  9    God:
Gold:   191        SH:  4    Dex:  9    Spells: 4/4 levels left

rFire   . . .        Y - +0 war axe
rCold   . . .        c - +0 buckler
rNeg    + . .        b - +0 scale mail
rPois   inf          (no helmet)
rElec   +            (no cloak)
rCorr   +            (no gloves)
SInv    .            (no boots)
Will    .....        (no amulet) Stlth
                     h - ring of resist corrosion
HPRegen 0.25/turn    (no ring)
MPRegen 0.09/turn

%: no passive effects
@: no status effects
A: sickness immunity, AC +4, negative energy resistance 1, electricity
resistance, torment resistance 1, petrification resistance
a: no special abilities


You were on level 4 of the Dungeon.
You visited 1 branch of the dungeon, and saw 4 of its levels.

You collected 191 gold pieces.


Innate Abilities, Weirdness & Mutations

You are immune to sickness and miasma.
Your stone body is resilient. (AC +4)
You are immune to poison.
You resist negative energy. (rN+)
You are resistant to electric shocks. (rElec)
You are resistant to unholy torment.
You are immune to petrification.


   Skills:
 + Level 3.5 Fighting
 - Level 5.0 Axes
 - Level 3.2 Armour
 - Level 3.2 Shields


You had 4 spell levels left.
You didn't know any spells.
Your spell library was empty.

Inventory:

Hand Weapons
 f - a +0 flail
 Y - a +0 war axe (weapon)
Armour
 b - a +0 scale mail (worn)
 c - a +0 buckler (worn)
 k - a +0 helmet
 l - a +0 cloak
Jewellery
 e - a ring of fire
 h - a ring of resist corrosion (left hand)
 m - a ring of ice
Scrolls
 o - a scroll of enchant armour
Potions
 a - a potion of curing
 d - a potion of might
 g - a potion of attraction {unknown}
 i - a potion of resistance {unknown}
 j - a potion of degeneration {unknown}

Dungeon Overview and Level Annotations

Branches:
Dungeon (4/15)
 Temple: D:4-7

Altars:
Cheibriados
Zin

Annotations:
D:3 exclusions: adder and 2 worms
D:4 Pikel


Message History

You hit Pikel but do no damage.
Pikel is heavily wounded.
Pikel closely misses you.
You hit Pikel.
Pikel is heavily wounded.
Pikel closely misses you.
You hit Pikel but do no damage.
Pikel is heavily wounded.
Pikel barely misses you.
A lemure comes into view.
Pikel hits you with a +2 whip of freezing.
Pikel freezes you.
You hit Pikel but do no damage.
Pikel is heavily wounded.
Pikel drinks a potion.
Pikel is healed!
You barely miss Pikel.
Pikel is moderately wounded.
Pikel barely misses you.
You closely miss Pikel.
Pikel is moderately wounded.
Pikel hits you with a +2 whip of freezing.
Pikel freezes you.
You hit Pikel.
Pikel is heavily wounded.
Pikel hits you with a +2 whip of freezing.
Pikel freezes you. Pikel closely misses you.
You hit Pikel.
Pikel is heavily wounded.
Pikel misses you.
You slash Pikel!
Pikel is severely wounded.
Pikel barely misses you.
You barely miss Pikel.
Pikel is severely wounded.
Pikel barely misses you.
You hit Pikel.
Pikel is almost dead.
Pikel barely misses you.
Pikel hits you with a +2 whip of freezing!
You die...

###.. #<#.. #.#.. #.#.#
#.#.# #.#.# ########
#.#.#
.......#######.#.######
..............5K@.....+
.....#.#######5########
####.#.# ... ####.#.#
#... ...#.#.# #...
'#+#'#.# +..K .......#
#... .......# ....
.......#


You could see Pikel and 2 lemures.

Vanquished Creatures
  A jelly (D:4)
  An iguana (D:4)
  A gnoll (D:1)
  3 adders (D:4)
  2 worms (D:2)
  2 dart slugs
  An orc (D:4)
  6 endoplasms
  3 giant cockroaches
  6 goblins
  10 hobgoblins
  2 jackals (D:3)
  9 kobolds
  A quokka (D:1)
  5 ball pythons
  8 bats
  5 frilled lizards
  11 rats
77 creatures vanquished.

Notes
Turn   | Place    | Note
-------+----------+-------------------------------------------
     0 | D:1      | qw the Gargoyle Fighter began the quest for the Orb.
     0 | D:1      | Reached XP level 1. HP: 14/14 MP: 1/1
     0 | D:1      | 0 ||| qw: Version: 0.3-a-35-g05ef00e
     0 | D:1      | 0 ||| qw: Game counter: 7837
     0 | D:1      | 0 ||| qw: Melee chars always use a shield: true
     0 | D:1      | 0 ||| qw: God list: Okawaru
     0 | D:1      | 0 ||| qw: Allow faded altars: false
     0 | D:1      | 0 ||| qw: Do Orc after clearing Dungeon:15 true
     0 | D:1      | 0 ||| qw: Do second Lair branch before Depths: true
     0 | D:1      | 0 ||| qw: Lair rune preference: random
     0 | D:1      | 0 ||| qw: Goals: Normal, Zot:1-4, Slime:5, God:TSO, Crypt,
                  | Tomb, Abyss, Pan, Hells, Win
     0 | D:1      | 0 ||| PLANNING D:1-11
    45 | D:1      | 45 ||| Stepping ~*~*~tactically~*~*~ (hiding).
    52 | D:1      | Reached skill level 2 in Axes
   118 | D:1      | 118 ||| Stepping ~*~*~tactically~*~*~ (hiding).
   141 | D:1      | 141 ||| Stepping ~*~*~tactically~*~*~ (stealth).
   142 | D:1      | 142 ||| Stepping ~*~*~tactically~*~*~ (stealth).
   179 | D:1      | Reached XP level 2. HP: 16/19 MP: 2/2
   366 | D:1      | Reached skill level 3 in Axes
   393 | D:1      | 393 ||| Stepping ~*~*~tactically~*~*~ (stealth).
   398 | D:1      | Reached XP level 3. HP: 23/23 MP: 3/3
   491 | D:1      | 491 ||| Stepping ~*~*~tactically~*~*~ (stealth).
   494 | D:1      | 494 ||| Stepping ~*~*~tactically~*~*~ (stealth).
   497 | D:1      | 497 ||| Stepping ~*~*~tactically~*~*~ (stealth).
   580 | D:1      | 580 ||| Stepping ~*~*~tactically~*~*~ (stealth).
   797 | D:1      | 797 ||| UPGRADING to ring of resist corrosion.
   798 | D:1      | 798 ||| READING scroll labelled IPI ELACOPIRPH.
   799 | D:1      | 799 ||| READING scroll labelled LUCODILIOR.
   800 | D:1      | 800 ||| READING scroll labelled CIATWI GICKU.
   847 | D:2      | 847 ||| STAIRDANCE
  1035 | D:2      | Reached XP level 4. HP: 28/28 MP: 4/4
  1172 | D:2      | 1172 ||| Stepping ~*~*~tactically~*~*~ (hiding).
  1534 | D:2      | 1534 ||| READING scroll labelled BIHIZXIS LIQO.
  1650 | D:3      | Found a glowing silver altar of Zin.
  1740 | D:3      | Found a snail-covered altar of Cheibriados.
  1776 | D:3      | Reached skill level 4 in Axes
  1811 | D:3      | 1811 ||| Stepping ~*~*~tactically~*~*~ (hiding).
  1834 | D:3      | 1834 ||| Stepping ~*~*~tactically~*~*~ (stealth).
  1835 | D:3      | 1835 ||| Stepping ~*~*~tactically~*~*~ (stealth).
  2239 | D:3      | 2239 ||| READING scroll labelled LOKUTASANO.
  2427 | D:3      | 2427 ||| READING scroll labelled ABBALO IGI.
  2468 | D:3      | 2468 ||| READING scroll labelled LAS GULI YFUX.
  2536 | D:4      | Reached XP level 5. HP: 27/32 MP: 5/5
  2603 | D:4      | Reached skill level 5 in Axes
  2677 | D:4      | Noticed a lemure
  2677 | D:4      | Noticed Pikel
  2678 | D:4      | 2678 ||| Stepping ~*~*~tactically~*~*~ (stealth).
  2681 | D:4      | 2681 ||| Stepping ~*~*~tactically~*~*~ (stealth).
  2685 | D:4      | Noticed a lemure
  2687 | D:4      | Noticed a lemure
  2704 | D:4      | Noticed a lemure
  2704 | D:4      | HP: 8/32 [Pikel/+2 whip of freezing (2)]
  2707 | D:4      | HP: 3/32 [Pikel/+2 whip of freezing (2)]
  2708 | D:4      | HP: 1/32 [Pikel/+2 whip of freezing (1)]
  2712 | D:4      | Slain by Pikel

Levels and vault maps discovered:
D:1:      minmay_arrival_shattered_statue, layout_loops_cross
D:2:      layout_basic, grunt_ministairs_5
D:3:      layout_loops_ring, mainiacjoe_overflow_brackets,
          general_overflow_altar, minmay_liquid_box
D:4:      minmay_wonky_spiral, layout_basic, gammafunk_ghost_mausoleum,
          uniq_pikel, uniq_ijyb, uniq_robin

Skill      XL: |  1  2  3  4  5 |
---------------+----------------+-----
Axes           | 2 3 4 5 |  5.0
Fighting       | |  3.5
Armour         | |  3.2
Shields        | |  3.2

Action                     |  1- 3 |  4- 6 || total
---------------------------+-------+-------++-------
  Melee: War axe           |   103 |   165 ||   268
    Use: Scroll            |     3 |     4 ||     7
 Armour: Scale mail        |    45 |    68 ||   113
  Dodge: Dodged            |    38 |    68 ||   106
  Block: Buckler           |    19 |    36 ||    55

Table legend:
 A = Non-vault XP
 B = Vault XP
 C = Vault XP percentage of total XP
 D = Non-vault monster count
 E = Vault monster count
 F = Vault count percentage of total count
                 A         B        C        D         E       F
            +---------+---------+-------+---------+---------+-------
      Total |     253 |       3 |   1.2 |      75 |       2 |   2.6
            +---------+---------+-------+---------+---------+-------
        D:1 |      57 |       0 |   0.0 |      27 |       0 |   0.0
        D:2 |      31 |       3 |   8.8 |      16 |       2 |  11.1
        D:3 |      35 |       0 |   0.0 |      21 |       0 |   0.0
        D:4 |     130 |       0 |   0.0 |      11 |       0 |   0.0
            +---------+---------+-------+---------+---------+-------
